 Dungeon Crawl Stone Soup version 0.27-a0-760-gc38aae387d (webtiles) character file.

Game seed: 4381497948802270480

9 tsouns the Sneak (level 2, -4/25 HPs)
             Began as a Djinni Delver on Mar 24, 2021.
             Slain by a necrophage (6 damage)
             ... on level 5 of the Dungeon.
             The game lasted 00:00:56 (52 turns).

tsouns the Sneak (Djinni Delver)                      Turns: 52, Time: 00:00:56

Health: -4/25      AC:  3    Str: 11    XL:     2   Next: 16%
Gold:   0          EV: 12    Int: 11    God:
                   SH:  0    Dex: 14

rFire    + + .     SeeInvis .   a - +0 falchion
rCold    x . .     Faith    .   (no shield)
rNeg     . . .     Spirit   .   b - +0 leather armour
rPois    ∞         Reflect  .   (no helmet)
rElec    .         Harm     .   (no cloak)
rCorr    .         Rampage  .   (no gloves)
Will     .....                  (boots unavailable)
Stlth    ++........             (no amulet)
HPRegen  0.08/turn              (no ring)
MPRegen  0.00/turn              (no ring)

@: flying
A: fire resistance 2, cold vulnerability 1, float, innate caster, hp casting,
extra vitality 1
a: no special abilities


You were on level 5 of the Dungeon.
You visited 1 branch of the dungeon, and saw 1 of its levels.

Inventory:

Hand Weapons
 a - a +0 falchion (weapon)
Armour
 b - a +0 leather armour (worn)
Jewellery
 d - a ring of protection from fire
 f - an amulet of guardian spirit
Wands
 g - a wand of digging (3)
Scrolls
 c - a scroll of fog
 e - a scroll of fear


   Skills:
 + Level 3.0 Fighting
 + Level 1.8 Long Blades
 + Level 0.1 Armour
 + Level 2.2 Dodging
 + Level 4.4 Stealth


You had one spell level left.
You didn't know any spells.
Your spell library was empty.

Dungeon Overview and Level Annotations

Branches:
Dungeon (5/15)             Temple (0/1) D:5

Altars:

Shops:
D:5 [


Innate Abilities, Weirdness & Mutations

You are immune to poison.
Your flesh is very heat resistant. (rF++)
You are vulnerable to cold. (rC-)
You float through the air rather than walking.
You learn spells naturally, not from books.
Your magical power is your life essence.
You have superior vitality. (+4 HP)


Message History

You hit the adder but do no damage.
The adder is almost dead.
The adder closely misses you.
You riposte.
You hit the adder but do no damage.
The adder is almost dead.
The necrophage misses you.
You completely miss the adder.
The adder is almost dead.
The adder barely misses you.
You hit the adder.
You kill the adder!
You have reached level 2!
You closely miss the necrophage. The necrophage hits you.
You barely miss the necrophage. The necrophage barely misses you.
You hit the necrophage but do no damage.
You hit the necrophage.
The necrophage is lightly damaged.
The necrophage hits you.
* * * LOW HITPOINT WARNING * * *
You hit the necrophage but do no damage.
The necrophage is lightly damaged.
The necrophage hits you.
* * * LOW HITPOINT WARNING * * *
You see here a ring of protection from fire.
d - a ring of protection from fire
Found a stone staircase leading up.
Found a robe and a glowing zirconium amulet.
Your extra speed is starting to run out.
Found a stone staircase leading up.
You see here an amulet of guardian spirit.
f - an amulet of guardian spirit You feel yourself slow down.
The necrophage barely misses you.
You riposte.
You hit the necrophage.
The necrophage is lightly damaged.
Found a metallic inky potion.
There is a stone staircase leading up here.
Found a glowing garnet amulet.
Found Woum's Armour Boutique.
Found an escape hatch in the ceiling.
There is a stone staircase leading up here.
The necrophage hits you.
You die...

*,...,**..............#....,,,,,,
*,....###..#.........##,...*,,,**
,,,*#.....##........##*#,.#**,**
,,,###..............##..**# ***
,,......................,,**
**...........<..........,,,*
**#.........#...........,,**
,,##.......##......#....,,,* ***
,,.............n@.......,,,****,,
,,......................,,,,*,,,,
,,......................,,,,,,,,,
,,*#.........!....##....,,,,,,,,,
,,,,...........8#..*,...,,,,,,,,,
,,,,,,,.."..........,,..,,,,,,,,,
,,,*,,,,...#.8<∩.8.#.*,.,,,,,*,,,
,,,**,,,,.......,.#.,**,,,*,,*,,,
,,,,,,,,,,,>,,,8,***,,,,*,,,,*,,,


You could see a necrophage.

Vanquished Creatures
  An adder (D:5)
1 creature vanquished.

Notes
Turn   | Place    | Note
-------+----------+-------------------------------------------
     0 | D:5      | tsouns the Djinni Delver began the quest for the Orb.
     0 | D:5      | Reached XP level 1. HP: 20/20 MP: 0/0
     6 | D:5      | Noticed a necrophage
    19 | D:5      | Reached XP level 2. HP: 14/25 MP: 0/0
    24 | D:5      | HP: 1/25 [necrophage (5)]
    50 | D:5      | Found Woum's Armour Boutique.
    52 | D:5      | Slain by a necrophage

Illustrated notes

Levels and vault maps discovered:
D:5:      layout_cave_pools, lemuel_round_altar, minmay_temple_entry_tees,
          portal_sewer_entry_e, serial_shops, nicolae_shop_statue_plus

Action                   || total
-------------------------++-------
Melee: Falchion          ||    15
  Use: Scroll            ||     1
       Potion            ||     1
Dodge: Dodged            ||     8
       Rpst.: Falchion   ||     2

Table legend: (Time is in decaauts)
 A = Elapsed time spent in this place.
 B = Non-inter-level travel time spent in this place.
 C = Inter-level travel time spent in this place.
 D = Time resting spent in this place.
 E = Time spent auto-exploring this place.
 F = Levels seen in this place.
 G = Mean time per level.
                   A        B        C        D        E       F      G
               +--------+--------+--------+--------+--------+-----+--------+
         Total |     40 |     40 |      0 |      0 |      3 |   1 |   40.0 |
       Dungeon |     40 |     40 |      0 |      0 |      3 |   1 |   40.0 |
               +--------+--------+--------+--------+--------+-----+--------+

Top non-repeatable levels by time:
     D:5: 40 daAuts
